 Dungeon Crawl Stone Soup version 0.31.0-11-ge490571c62 (webtiles) character file.

Game seed: 1777992901473225322

1236 browni3141 the Chopper (level 8, -5/71 HPs)
             Began as a Minotaur Fighter on Jan 27, 2024.
             Was an Initiate of Okawaru.
             Slain by an orc
             ... wielding a +0 trident
              (7 damage)
             ... on level 7 of the Dungeon.
             The game lasted 00:01:59 (2572 turns).

browni3141 the Chopper (Minotaur Fighter)           Turns: 2572, Time: 00:01:59

Health: -5/71      AC:  7    Str: 22    XL:     8   Next: 24%
Magic:  7/7        EV:  9    Int:  5    God:    Okawaru [......]
Gold:   263        SH:  5    Dex: 11    Spells: 7/7 levels left

rFire   . . .        a - +0 war axe
rCold   . . .        c - +0 buckler
rNeg    . . .        b - +0 scale mail
rPois   .            (helmet restricted)
rElec   .            (no cloak)
rCorr   .            (no gloves)
SInv    .            (no boots)
Will    .....        (no amulet) Stlth
                     (no ring)
HPRegen 0.31/turn    (no ring)
MPRegen 0.10/turn

%: no passive effects
@: mighty
A: horns 2, retaliatory headbutt
a: Renounce Religion


You were on level 7 of the Dungeon.
You worshipped Okawaru.
Okawaru was noncommittal.
You visited 2 branches of the dungeon, and saw 8 of its levels.

You collected 263 gold pieces.

Inventory:

Hand Weapons
 a - a +0 war axe (weapon)
Missiles
 k - 6 javelins (quivered)
Armour
 b - a +0 scale mail (worn)
 c - a +0 buckler (worn)
Jewellery
 i - a ring of fire
Wands
 t - a wand of flame (21)
Scrolls
 e - 2 scrolls of teleportation {unknown}
 g - 2 scrolls of fear {unknown}
 m - 2 scrolls of vulnerability {unknown}
 o - a scroll of revelation {unknown}
 q - a scroll of fog {unknown}
 r - a scroll of torment {unknown}
 s - 2 scrolls of identify {unknown}
 u - a scroll of blinking {unknown}
 v - a scroll of immolation {unknown}
Potions
 f - a potion of heal wounds {unknown}
 h - a potion of haste {unknown}
 j - a potion of berserk rage {unknown}
 l - a potion of invisibility {unknown}
 n - a potion of enlightenment {unknown}
 p - a potion of brilliance {unknown}


   Skills:
 + Level 6.4 Fighting
 * Level 7.9 Axes
 + Level 6.4 Armour
 + Level 6.4 Shields


You had 7 spell levels left.
You didn't know any spells.
Your spell library contained the following spells:

 Spells                   Type           Power      Damage    Failure   Level
 Kiss of Death            Conj/Necr      0%         2d5       83%         1
 Confusing Touch          Hex            0%         N/A       99%         3
 Brom's Barrelling Bould  Conj/Erth      0%         2d3       100%        4
 Dispel Undead            Necr           0%         3d6       100%        4
 Vhi's Electric Charge    Tloc/Air       0%         N/A       100%        4
 Arcjolt                  Conj/Air       0%         1d10      100%        5
 Fireball                 Conj/Fire      0%         3d3       100%        5
 Iskenderun's Battlesphe  Conj           0%         2d6       100%        5
 Conjure Ball Lightning   Conj/Air       0%         3x3d6     100%        6
 Plasma Beam              Fire/Air       0%         2x1d10    100%        6
 Orb of Destruction       Conj           0%         9d5       100%        7


Dungeon Overview and Level Annotations

Branches:
Dungeon (7/15)             Temple (1/1) D:5

Altars:
Ashenzari
Cheibriados
Dithmenos
Elyvilon
Fedhas
Gozag
Hepliaklqana
Kikubaaqudgha
Makhleb
Nemelex Xobeh
Okawaru
Qazlal
Ru
Sif Muna
Trog
Vehumet
Xom
The Shining One


Innate Abilities, Weirdness & Mutations

You have a pair of horns on your head.
You reflexively headbutt those who attack you in melee.


Message History

The white imp hits you but does no damage.
You closely miss the white imp. You headbutt the white imp.
You kill the white imp!
Okawaru accepts your kill.
You hit the gnoll but do no damage. You hit the gnoll.
The gnoll hits you with a +0 club. The gnoll barely misses you.
The gnoll hits you with a +0 whip.
You hit the gnoll.
The gnoll is severely wounded.
You hit the gnoll but do no damage. The gnoll barely misses you.
You furiously retaliate!
You headbutt the gnoll!
You kill the gnoll!
Okawaru accepts your kill. The gnoll barely misses you.
You block the gnoll's attack.
You closely miss the gnoll.
The gnoll is severely wounded.
You closely miss something.
The gnoll hits you from afar with a +0 spear.
Something hits you but does no damage. The gnoll hits you but does no damage.
You barely miss the gnoll.
The gnoll is severely wounded.
You barely miss something. The gnoll barely misses you. Something hits you.
Something shocks you.
The gnoll hits you from afar with a +0 spear.
You closely miss the gnoll.
The gnoll is severely wounded.
You miss something. The gnoll barely misses you. Something hits you.
Something shocks you. The gnoll hits you with a +0 club.
You slash the gnoll!
You kill the gnoll!
Okawaru accepts your kill.
You closely miss something. The gnoll hits you but does no damage.
A sky beast appears from thin air!
Reactivating autopickup.
The sky beast hits you but does no damage.
The gnoll barely misses you. You block the sky beast's attack.
You closely miss the sky beast.
The sky beast hits you but does no damage.
The gnoll closely misses you.
Unknown command.
You barely miss the sky beast.
The gnoll hits you from afar with a +0 spear.
The sky beast flickers out of sight!
Deactivating autopickup; reactivate with Ctrl-A.
Something hits you but does no damage.
You miss something. You headbutt something.
The gnoll hits you but does no damage.
A troll comes into view.
Something hits you but does no damage. Something hits you but does no damage.
Something hits you but does no damage.
A sky beast appears from thin air!
Reactivating autopickup.
The sky beast attacks as it pursues you!
The sky beast hits you. The sky beast shocks you.
The gnoll attacks as it pursues you! The gnoll barely misses you.
The sky beast attacks as it pursues you!
The sky beast barely misses you. You furiously retaliate!
You headbutt the sky beast. You block the sky beast's attack.
There is an open door here.
The sky beast attacks as it pursues you!
The sky beast closely misses you.
The sky beast attacks as it pursues you!
The sky beast closely misses you. You furiously retaliate!
You headbutt the sky beast!
The sky beast attacks as it pursues you!
The sky beast hits you but does no damage.
There is a stone staircase leading down here.
The sky beast barely misses you. You furiously retaliate!
You headbutt the sky beast.
You climb downwards.
The orc shouts! x2; The water moccasin hisses angrily.
Found an escape hatch in the floor.
Found a stone staircase leading up.
There is a stone staircase leading up here.
You feel very mighty all of a sudden. The sky beast closely misses you.
You furiously retaliate!
You headbutt the sky beast.
An orc warrior comes into view. It is wielding a +0 flail.
The orc warrior shouts!
You slash the sky beast!
You kill the sky beast!
Okawaru accepts your kill.
You completely miss the water moccasin. The water moccasin bites you.
You block the orc's attack. The water moccasin barely misses you.
You closely miss the water moccasin.
Your headbutt misses the water moccasin.
You slash the centaur! The centaur closely misses you. You furiously retaliate!
You headbutt the centaur! You block the centaur's attack.
The water moccasin bites you but does no damage.
You slash the centaur!
You kill the centaur!
Okawaru accepts your kill.
You hit the water moccasin but do no damage.
The water moccasin bites you. The orc barely misses you.
The water moccasin bites you but does no damage.
Found a stone staircase leading down.
The water moccasin bites you but does no damage.
The orc hits you from afar with a +0 trident!
You die...

#...# #...#
#...#
#####...#####
##>.......<..##
>.............#
#......oo....#
#.@S# #.o<#
#...# #...#
##.## ... ##.#
#.# ..


You could see an orc warrior, a water moccasin and 2 orcs.

Vanquished Creatures
  3 black bears (D:5)
  A sky beast (D:7)
  An ogre (D:4)
  A centaur (D:7)
  2 bullfrogs
  A gnoll sergeant (D:6)
  A scorpion (D:6)
  2 bombardier beetles
  A hound (D:4)
  A sleepcap (D:4)
  An iguana (D:5)
  2 orc wizards (D:4)
  Robin (D:2)
  7 gnolls (D:6)
  8 adders
  A white imp (D:6)
  2 ufetubi (D:4)
  2 ribbon worms (D:2)
  2 dart slugs (D:2)
  8 orcs
  4 endoplasms
  2 giant cockroaches
  15 goblins
  6 hobgoblins
  4 jackals (D:2)
  4 quokkas
  A ball python (D:4)
  6 bats
  2 frilled lizards (D:3)
  7 kobolds
  A rat (D:1)
100 creatures vanquished.

Vanquished Creatures (others)
  A butterfly (D:5)
1 creature vanquished.

Grand Total: 101 creatures vanquished

Notes
Turn   | Place    | Note
-------+----------+-------------------------------------------
     0 | D:1      | browni3141 the Minotaur Fighter began the quest for the
                  | Orb.
     0 | D:1      | Reached XP level 1. HP: 19/19 MP: 0/0
   111 | D:1      | Reached XP level 2. HP: 14/27 MP: 1/1
   173 | D:2      | Reached skill level 3 in Axes
   266 | D:2      | Noticed Robin
   271 | D:2      | Reached XP level 3. HP: 33/33 MP: 2/2
   273 | D:2      | Killed Robin
   371 | D:2      | Reached XP level 4. HP: 40/40 MP: 3/3
   489 | D:2      | Reached skill level 4 in Axes
   905 | D:3      | Found a bloodstained altar of Trog.
  1026 | D:4      | Reached XP level 5. HP: 47/47 MP: 4/4
  1062 | D:4      | Noticed an ogre
  1070 | D:4      | Killed an ogre
  1071 | D:4      | Reached skill level 5 in Axes
  1203 | D:4      | Found a snail-covered altar of Cheibriados.
  1231 | D:4      | Reached XP level 6. HP: 42/55 MP: 5/5
  1324 | D:4      | Reached skill level 5 in Armour
  1324 | D:4      | Reached skill level 5 in Shields
  1325 | D:4      | Reached skill level 5 in Fighting
  1905 | D:5      | Entered Level 5 of the Dungeon
  1932 | D:5      | Found a white marble altar of Elyvilon.
  1950 | D:5      | Reached skill level 6 in Axes
  1950 | D:5      | Reached XP level 7. HP: 46/61 MP: 6/6
  2082 | D:5      | Found a staircase to the Ecumenical Temple.
  2116 | Temple   | Entered the Ecumenical Temple
  2121 | Temple   | Became a worshipper of Warmaster Okawaru
  2148 | D:6      | Reached skill level 7 in Axes
  2442 | D:6      | Reached XP level 8. HP: 60/70 MP: 7/7
  2549 | D:6      | Noticed a troll
  2571 | D:7      | HP: 2/70 [water moccasin (4)]
  2572 | D:7      | Slain by an orc

Illustrated notes

Levels and vault maps discovered:
D:1:      minmay_arrival_plants_in_alcoves, layout_basic
D:2:      layout_rooms, uniq_robin
D:3:      layout_basic, trog_three_pillars_becter, grunt_ministairs_6
D:4:      layout_loops_ring, lemuel_crystal_altar
D:5:      layout_basic, nicolae_elyvilon_peaceful_grove,
          nzn_wu_jian_contemplation, minmay_temple_entry_drinking_statues,
          serial_shops, nicolae_shop_hallway_stairs
D:6:      cheibrodos_fzero, layout_basic, mainiacjoe_overflow_alcove_4,
          st_stairs_12
D:7:      layout_loops_cross, ebering_ghost_reflecting_pool, uniq_jeremiah
Temple:   minmay_freezing_vapour_temple

Skill      XL: |  1  2  3  4  5  6  7 |
---------------+----------------------+-----
Axes           | 3 4 5 6 7 |  7.9
Shields        | 4 5 6 |  6.4
Armour         | 4 5 6 |  6.4
Fighting       | 4 5 6 |  6.4

Action                     |  1- 3 |  4- 6 |  7- 9 || total
---------------------------+-------+-------+-------++-------
  Melee: War axe           |    63 |   122 |    48 ||   233
         Headbutt          |     8 |    18 |     8 ||    34
    Use: Potion            |       |       |     1 ||     1
 Armour: Scale mail        |    46 |   114 |    77 ||   237
  Dodge: Dodged            |    24 |    91 |    40 ||   155
  Block: Buckler           |    13 |    38 |    20 ||    71
